 Dungeon Crawl Stone Soup version 0.27-a0-836-gfc908b8576 (webtiles) character file.

Game seed: 17133468233927146071

517 rageheart7 the Cutter (level 7, -3/44 HPs)
             Began as a Kobold Brigand on Mar 31, 2021.
             Was an Initiate of Nemelex Xobeh.
             Slain by Grinder (9 damage)
             ... on level 4 of the Dungeon.
             The game lasted 00:07:39 (5292 turns).

rageheart7 the Cutter (Kobold Brigand)              Turns: 5292, Time: 00:07:40

Health: -3/44      AC:  6    Str: 10    XL:     7   Next: 44%
Magic:  8/8        EV: 14    Int: 12    God:    Nemelex Xobeh [......]
Gold:   133        SH:  0    Dex: 17    Spells: 6/6 levels left

rFire    . . .     SeeInvis .   l - +4 dagger
rCold    . . .     Faith    +   (shield restricted)
rNeg     . . .     Spirit   .   q - +2 animal skin
rPois    .         Reflect  .   r - +0 helmet
rElec    .         Harm     .   c - +0 cloak
rCorr    .         Rampage  .   (no gloves)
Will     .....                  (no boots)
Stlth    ++++......             o - amulet of faith
HPRegen  0.14/turn              (no ring)
MPRegen  0.11/turn              (no ring)

@: no status effects
A: small, no large weapons, nightstalker 3
a: Renounce Religion, Draw Escape, Draw Destruction, Draw Summoning


You were on level 4 of the Dungeon.
You worshipped Nemelex Xobeh.
Nemelex Xobeh was noncommittal.
You visited 1 branch of the dungeon, and saw 4 of its levels.

You collected 133 gold pieces.

Inventory:

Hand Weapons
 l - a +4 dagger (weapon)
Missiles
 d - 29 poisoned darts (quivered)
Armour
 c - a +0 cloak (worn)
 q - a +2 animal skin (worn)
 r - a +0 helmet (worn)
Jewellery
 a - an amulet of magic regeneration
 o - an amulet of faith (around neck)
Wands
 g - a wand of polymorph (3)
Scrolls
 b - a scroll of teleportation {unknown}
 h - a scroll of fear {unknown}
 i - a scroll of fog {unknown}
 j - a scroll of identify {unknown}
 n - a scroll of noise {unknown}
 p - a scroll of blinking {unknown}
Potions
 f - 2 potions of brilliance {unknown}
 k - a potion of berserk rage {unknown}
 m - a potion of mutation {unknown}
 s - a potion of cancellation {unknown}


   Skills:
 * Level 5.4 Fighting
 * Level 6.5 Short Blades
 + Level 4.0 Throwing
 - Level 1.2 Dodging
 - Level 5.3 Stealth
 + Level 1.5 Invocations


You had 6 spell levels left.
You didn't know any spells.
Your spell library contained the following spells:

 Spells                   Type           Power      Damage    Failure   Level
 Animate Skeleton         Necr           0%         N/A       32%         1
 Apportation              Tloc           0%         N/A       32%         1
 Corona                   Hex            0%         N/A       32%         1
 Summon Small Mammal      Summ           0%         N/A       32%         1


Dungeon Overview and Level Annotations

Branches:
Dungeon (4/15)
 Temple: D:4-7

Altars:
Nemelex Xobeh

Annotations:
D:4 Grinder


Innate Abilities, Weirdness & Mutations

You are small and have problems with some larger weapons.
You are completely attuned to the shadows.


Message History

Grinder is moderately wounded.
Grinder blinks!
Throw: 30 darts (poison)
Press: ? - help, Q - select action, (/) - cycle Shift-Dir - straight line, f/p - Grinder
Aim: Grinder, carrying a wand of digging (7) (moderately wounded, 61% to hit)
You throw a poisoned dart.
The poisoned dart closely misses Grinder.
Grinder blinks!
Throw: 29 darts (poison)
Press: ? - help, Q - select action, (/) - cycle Shift-Dir - straight line, f/p - Grinder
Aim: Grinder, carrying a wand of digging (7) (moderately wounded, 61% to hit)
Okay, then.
Grinder misses you.
Things that are here:
a +0 dagger; a +0 hunting sling; 22 stones You hit Grinder.
Grinder is heavily wounded.
You hit Grinder but do no damage.
Grinder is heavily wounded.
Grinder blinks!
Grinder blinks!
You see here 17 stones.
You see here a poisoned dart.
Grinder barely misses you.
You completely miss Grinder.
Grinder is heavily wounded.
Grinder hits you.
* * * LOW HITPOINT WARNING * * *
You writhe in agony.
* * * LOW HITPOINT WARNING * * *
You hit Grinder.
Grinder is heavily wounded.
You hit Grinder.
Grinder is severely wounded.
Grinder closely misses you.
You hit Grinder but do no damage.
Grinder is heavily wounded.
Grinder hits you!
You die...
Your body disappears without a glow.

#...#†## #####..#
.# #..##.#
#...#.#.#
#.#.#.#.#
#.#...#.#########
#.##..#.#.......#
#....>....(.5...#
#########...@...#
#...(...#
#...((((#
#....)..#
####.#### #.# ..#
###


You could see Grinder.

Vanquished Creatures
  An ogre (D:4)
  A bullfrog (D:2)
  An orc priest (D:3)
  Jessica (D:2)
  An iguana (D:3)
  Natasha (thrice) (D:2)
  Terence (D:2)
  2 orc wizards (D:3)
  Robin (D:3)
  4 adders
  An ufetubus (D:2)
  A worm (D:2)
  7 orcs (D:3)
  An endoplasm (D:3)
  3 giant cockroaches
  12 goblins
  4 hobgoblins
  11 jackals
  4 quokkas
  3 ball pythons
  8 bats
  3 frilled lizards
  5 kobolds
  6 rats
85 creatures vanquished.

Notes
Turn   | Place    | Note
-------+----------+-------------------------------------------
     0 | D:1      | rageheart7 the Kobold Brigand began the quest for the Orb.
     0 | D:1      | Reached XP level 1. HP: 12/12 MP: 1/1
   466 | D:1      | Reached skill level 3 in Short Blades
   485 | D:1      | Reached XP level 2. HP: 18/18 MP: 2/2
  1276 | D:2      | Reached XP level 3. HP: 22/22 MP: 3/3
  1731 | D:2      | Reached XP level 4. HP: 11/28 MP: 4/4
  1985 | D:2      | Reached skill level 4 in Short Blades
  2220 | D:2      | Noticed Natasha
  2234 | D:2      | Killed Natasha
  2412 | D:2      | Noticed a bullfrog
  2424 | D:2      | Killed a bullfrog
  2425 | D:2      | Reached XP level 5. HP: 9/33 MP: 5/5
  2666 | D:2      | Reached skill level 5 in Short Blades
  2767 | D:2      | Noticed Natasha
  2778 | D:2      | Killed Natasha
  2779 | D:2      | Reached XP level 6. HP: 30/38 MP: 6/6
  2919 | D:2      | Noticed Natasha
  2940 | D:2      | Killed Natasha
  3213 | D:2      | Noticed Jessica
  3215 | D:2      | Killed Jessica
  3238 | D:2      | Noticed Terence
  3239 | D:2      | Killed Terence
  3392 | D:3      | Found a sparkling altar of Nemelex Xobeh.
  3403 | D:3      | Became a worshipper of Nemelex Xobeh the Trickster
  3568 | D:3      | Noticed Robin
  4165 | D:3      | Reached skill level 5 in Fighting
  4165 | D:3      | Reached skill level 6 in Short Blades
  4165 | D:3      | Reached XP level 7. HP: 22/44 MP: 7/7
  4493 | D:3      | Reached skill level 1 in Invocations
  4718 | D:3      | Killed Robin
  5261 | D:4      | Noticed Grinder
  5278 | D:4      | Paralysed by Grinder for 2 turns
  5292 | D:4      | Slain by Grinder

Illustrated notes

Levels and vault maps discovered:
D:1:      onia_arrival_pyramid, layout_basic, serial_park_tiny_1
D:2:      layout_rooms, minmay_misc_feat_ornament, nrook_mini_vaults,
          grunt_ministairs_4, uniq_jessica, uniq_terence, uniq_natasha
D:3:      layout_loops_ring, nemelex_xobeh_ov_fountains_minmay, uniq_robin
D:4:      layout_basic, uniq_sigmund, uniq_blork_the_orc, uniq_grinder

Skill      XL: |  1  2  3  4  5  6  7 |
---------------+----------------------+-----
Short Blades   | 3 4 5 6 |  6.5
Fighting       | 3 4 5 |  5.4
Throwing       | 3 4 |  4.0
Invocations    | 1 |  1.5
Dodging        | |  1.2
Stealth        | |  5.3

Action                   |  1- 3 |  4- 6 |  7- 9 || total
-------------------------+-------+-------+-------++-------
Melee: Dagger            |    73 |   174 |    59 ||   306
       Unarmed           |       |       |     1 ||     1
Throw: Dart              |     5 |     1 |    15 ||    21
  Use: Potion            |     3 |     2 |       ||     5
       Scroll            |       |     1 |       ||     1
 Stab: Sleeping          |    17 |    11 |     6 ||    34
       Distracted        |       |     1 |       ||     1
Armor: Robe              |    15 |     9 |       ||    24
       Leather armour    |       |    20 |       ||    20
       Animal skin       |       |       |     7 ||     7
Dodge: Dodged            |    30 |    94 |    18 ||   142

Table legend: (Time is in decaauts)
 A = Elapsed time spent in this place.
 B = Non-inter-level travel time spent in this place.
 C = Inter-level travel time spent in this place.
 D = Time resting spent in this place.
 E = Time spent auto-exploring this place.
 F = Levels seen in this place.
 G = Mean time per level.
                   A        B        C        D        E       F      G
               +--------+--------+--------+--------+--------+-----+--------+
         Total |   5205 |   5055 |    150 |      0 |   4419 |   4 | 1301.2 |
       Dungeon |   5205 |   5055 |    150 |      0 |   4419 |   4 | 1301.2 |
               +--------+--------+--------+--------+--------+-----+--------+

Top non-repeatable levels by time:
     D:2: 2026 daAuts
     D:3: 1814 daAuts
     D:1: 1266 daAuts
     D:4: 98 daAuts
